[Event "Baku Open 2018"]
[Site "Baku"]
[Date "2018.11.25"]
[Round "2"]
[White "Popov, Ivan"]
[Black "Samadov, Read"]
[Result "1-0"]
[ECO "C03"]
[WhiteElo "2590"]
[BlackElo "2029"]
[Annotator "RC"]
[PlyCount "69"]
[EventDate "2018.11.24"]
[EventType "swiss"]
[EventCountry "AZE"]
[SourceTitle "playchess.com"]
[Source "ChessBase"]
[SourceQuality "1"]
[TimeControl "40/5400+30:1800+30"]

1. e4 e6 2. d4 d5 3. Nd2 a6 4. g3 c5 5. exd5 Qxd5 6. Ngf3 cxd4 7. Bg2 Nc6 8. O-O d3 9. c3 Qd8 10. Qa4 b5 11. Qf4 Bb7 12. Ne5 Nxe5 13. Bxb7 Ra7 14. Bg2 Qc7 15. a4 f6 16. Nb3 Qc4 17. axb5 Qxb3 18. Be3 Qxb5 19. Bxa7 Kf7 20. b4 Bd6 21. Ra5 Qd7 22. Rxa6 Ne7 23. Rd1 g5 24. Qe4 Kg7 25. Bd4 Rd8 26. Ra7 Qe8 27. Bxe5 Bxe5 28. Rxd3 h6 29. b5 Bb8 30. Rb7 e5 31. Qb4 Kf7 32. Bc6 Qf8 33. Qxe7+ Qxe7 34. Rxd8 Bc7 35. Rd7 1-0

[Event "Baku Open 2018"]
[Site "Baku"]
[Date "2018.11.25"]
[Round "2"]
[White "Sanikidze, Tornike"]
[Black "Ahadzade, Kanan"]
[Result "*"]
[WhiteElo "2512"]
[BlackElo "1977"]
[Annotator "ChessBase"]
[PlyCount "95"]
[EventDate "2018.11.24"]
[EventType "swiss"]
[EventCountry "AZE"]
[SourceTitle "playchess.com"]
[Source "ChessBase"]
[SourceQuality "1"]
[TimeControl "40/5400+30:1800+30"]

1. d4 Nf6 2. c4 e5 3. dxe5 Ng4 4. Bf4 Bb4+ 5. Nd2 Nc6 6. Ngf3 Qe7 7. e3 Ngxe5 8. Nxe5 Nxe5 9. a3 Bxd2+ 10. Qxd2 d6 11. c5 dxc5 12. Qd5 f6 13. Rc1 c6 14. Qxc5 Qxc5 15. Rxc5 Nf7 16. Bd3 Be6 17. Ke2 Ke7 18. Rd1 Rad8 19. h3 h6 20. f3 Rd7 21. Bg6 Rxd1 22. Kxd1 Rd8+ 23. Ke2 Rd5 24. Rxd5 cxd5 25. Bc2 Ne5 26. b3 Bd7 27. a4 Nc6 28. Kd2 b5 29. Bc7 Nb4 30. Bd1 Na6 31. Ba5 Ke6 32. b4 bxa4 33. Be2 Bc8 34. Kc3 Nb8 35. Bc7 Na6 36. Ba5 Nb8 37. b5 Nd7 38. Bc7 Bb7 39. Kb4 Nb6 40. Bb8 Nc8 41. Kxa4 f5 42. Kb4 g5 43. g4 fxg4 44. hxg4 Nb6 45. Bxa7 Nc4 46. Bxc4 dxc4 47. e4 Ke5 48. Be3 *

[Event "Baku Open 2018"]
[Site "Baku"]
[Date "2018.11.25"]
[Round "2"]
[White "Isgandarov, Shahriyar"]
[Black "Aleksandrov, Aleksej"]
[Result "0-1"]
[ECO "C44"]
[WhiteElo "2125"]
[BlackElo "2599"]
[Annotator "RC"]
[PlyCount "70"]
[EventDate "2018.11.24"]
[EventType "swiss"]
[EventCountry "AZE"]
[SourceTitle "playchess.com"]
[Source "ChessBase"]
[SourceQuality "1"]
[TimeControl "40/5400+30:1800+30"]

1. e4 e5 2. Nf3 Nc6 3. d4 exd4 4. Nxd4 Nf6 5. Nc3 Bb4 6. Nxc6 bxc6 7. Bd3 d5 8. exd5 cxd5 9. O-O O-O 10. Bg5 c6 11. Qf3 Re8 12. h3 Rb8 13. Ne2 Bd6 14. Nd4 Bd7 15. Rab1 Be5 16. c3 h6 17. Bh4 Qa5 18. Nb3 Qc7 19. Nc5 Qd6 20. Nxd7 Nxd7 21. Bc2 g6 22. Qg4 h5 23. Qd1 Re6 24. Kh1 Bf4 25. f3 Rbe8 26. Qd3 Ne5 27. Qd4 Nc4 28. Rfe1 Be3 29. Rxe3 Rxe3 30. Qxa7 Re2 31. Bd3 Rxb2 32. Rd1 Ne3 33. Rg1 Rd2 34. Qa6 Qf4 35. Be1 Rxg2 0-1

[Event "Baku Open 2018"]
[Site "Baku"]
[Date "2018.11.27"]
[Round "4"]
[White "Abdulov, Orkhan"]
[Black "Eynullayev, Altay"]
[Result "1-0"]
[ECO "B20"]
[WhiteElo "2398"]
[BlackElo "2180"]
[Annotator "NA"]
[PlyCount "73"]
[EventDate "2018.11.24"]
[EventType "swiss"]
[EventCountry "AZE"]
[SourceTitle "playchess.com"]
[Source "ChessBase"]
[SourceQuality "1"]
[TimeControl "40/5400+30:1800+30"]

1. e4 c5 2. d3 Nc6 3. g3 d6 4. Bg2 g6 5. f4 Bg7 6. Nf3 e6 7. O-O Nge7 8. c3 O-O 9. Be3 b6 10. d4 cxd4 {[%emt 0:03:02] B20: Sicilian: Unusual White 2nd moves} (10... Ba6 11. Re1 Rc8 12. Na3 Na5 13. Qd2 Qd7 14. Rad1 Rfd8 15. b3 cxd4 16. Bxd4 Qc7 17. Bxg7 Kxg7 18. c4 {0-1 (58) Amin,B (2643)-Leon Hoyos,M (2579) Istanbul 2012}) 11. Nxd4 {[%emt 0:02:54] LiveBook: 3 Games} Ba6 12. Rf2 Qd7 $146 ({Predecessor:} 12... Rc8 13. Nxc6 Rxc6 14. Rd2 Qb8 15. a4 d5 16. Na3 dxe4 17. Bxe4 Rcc8 18. Nb5 {½-½ (76) Bocharov,I (2489)-Alikulov,E (2401) Sochi 2015}) 13. Nxc6 Nxc6 14. f5 (14. Qa4 $14 Bb7 15. Na3) 14... exf5 15. exf5 Rae8 ({Reject} 15... gxf5 $6 16. Qa4 $14) 16. Bg5 h6 ({Black should play} 16... Ne5 $17 17. f6 Bh8) 17. Bd2 (17. Bf4 $11) 17... gxf5 (17... Ne5 $17 18. f6 Bh8) 18. Qa4 Bb7 19. Na3 a6 20. Raf1 b5 21. Qh4 $11 Re6 22. Nc2 Ne7 23. Nd4 Rf6 24. Bh3 Qc7 25. Qh5 Qc5 26. Qe2 Be4 27. Bxf5 Nxf5 28. Qxe4 Nxd4 29. cxd4 Rxf2 30. dxc5 Rxd2 31. c6 Rd4 32. Qe7 d5 33. Rc1 Re4 34. Qd7 Bxb2 35. Rc2 Bd4+ 36. Kg2 Ree8 37. c7 1-0

[Event "Baku Open 2018"]
[Site "Baku"]
[Date "2018.11.27"]
[Round "4"]
[White "Mgeladze, Tamaz"]
[Black "Gareyev, Timur"]
[Result "1/2-1/2"]
[ECO "A12"]
[WhiteElo "2395"]
[BlackElo "2584"]
[Annotator "RC"]
[PlyCount "225"]
[EventDate "2018.11.24"]
[EventType "swiss"]
[EventCountry "AZE"]
[SourceTitle "playchess.com"]
[Source "ChessBase"]
[SourceQuality "1"]
[TimeControl "40/5400+30:1800+30"]

1. c4 c6 2. Nf3 Nf6 3. g3 d5 4. b3 Bg4 5. Bg2 Nbd7 6. Bb2 e6 7. d3 Bd6 8. O-O h5 9. Nbd2 h4 10. e4 hxg3 11. hxg3 dxe4 12. Nxe4 Be5 13. Qc2 Bxf3 14. Bxf3 Nxe4 15. Bxe4 Qf6 16. Bxe5 Qxe5 17. Rfe1 Qd4 18. b4 O-O 19. Rab1 Rfd8 20. b5 Rac8 21. bxc6 bxc6 22. Qa4 Ne5 23. Rb7 f5 24. Bg2 Nxd3 25. Re3 Nc5 26. Qxa7 Nxb7 27. Qxb7 Qxc4 28. a4 Qxa4 29. Rxe6 Qd1+ 30. Kh2 Qh5+ 31. Bh3 Rb8 32. Qxc6 Rb2 33. Kg2 Qf7 34. Kg1 Rb1+ 35. Kh2 Rb2 36. Kg1 Rbd2 37. Re5 Rd1+ 38. Kh2 R1d6 39. Qc5 Rd5 40. Qb6 Rxe5 41. Qxd8+ Re8 42. Qd6 g6 43. Bg2 Kg7 44. Bd5 Qa7 45. Kg2 Re2 46. Qf4 Qc5 47. Kf1 Re7 48. Qd2 Rd7 49. Qb2+ Kh7 50. Bf3 Qd4 51. Qb8 Re7 52. Kg2 Kg7 53. Qa8 Ra7 54. Qe8 Qd6 55. Qe3 Re7 56. Qc3+ Qe5 57. Qc1 Qd4 58. Qc8 f4 59. g4 Qe5 60. Qd8 Qf6 61. Qd5 Kh6 62. Qd8 Kg5 63. Qd5+ Re5 64. Qd4 Kh6 65. Qd7 Qe7 66. Qd4 Qf6 67. Qd7 Re7 68. Qd8 Re6 69. Qd5 Rd6 70. Qa5 Rd4 71. Qc3 Qd6 72. Qc8 Kg7 73. Qb7+ Kf8 74. Qh7 Qf6 75. Qc7 Rd2 76. Qc5+ Qd6 77. Qc8+ Kg7 78. Qe8 Qc5 79. Qe1 Qe3 80. Qf1 Kf6 81. Qa6+ Kg5 82. Qb5+ Kh4 83. Qf1 Rc2 84. Qh1+ Kg5 85. Qf1 Rb2 86. Qg1 Qd2 87. Qf1 Rc2 88. Qb5+ Kf6 89. g5+ Ke7 90. Qe5+ Kd8 91. Qb8+ Kd7 92. Qa7+ Kd6 93. Qb6+ Ke7 94. Qf6+ Kd7 95. Qf7+ Kd8 96. Qf8+ Kc7 97. Qf7+ Kb6 98. Qxg6+ Ka5 99. Qf5+ Ka4 100. Qe4+ Ka3 101. Qa8+ Kb2 102. Qb7+ Kc1 103. Qa7 Ra2 104. Qc5+ Rc2 105. Qa3+ Kb1 106. Qb3+ Ka1 107. Qa4+ Kb2 108. Qb5+ Ka1 109. Qa6+ Ra2 110. Qf1+ Kb2 111. Qb5+ Ka1 112. Qf1+ Kb2 113. Qb5+ 1/2-1/2

[Event "Baku Open 2018"]
[Site "Baku"]
[Date "2018.11.27"]
[Round "4"]
[White "Jafarli, Babak"]
[Black "Sevdimaliyev, Urfan"]
[Result "1/2-1/2"]
[ECO "B02"]
[WhiteElo "2132"]
[BlackElo "2386"]
[Annotator "NA"]
[PlyCount "163"]
[EventDate "2018.11.24"]
[EventType "swiss"]
[EventCountry "AZE"]
[SourceTitle "playchess.com"]
[Source "ChessBase"]
[SourceQuality "1"]
[TimeControl "40/5400+30:1800+30"]

1. e4 Nf6 2. e5 Nd5 3. c4 Nb6 4. c5 Nd5 5. Bc4 e6 6. Nc3 Nxc3 7. bxc3 {[%emt 0:00:32] LiveBook: 7 Games} Bxc5 {[%emt 0:05:46] B02: Alekhine's Defence: Chase Variation and lines with early Nc3} 8. Qg4 O-O $146 ({Predecessor:} 8... Bf8 9. d4 d5 10. Bd3 c5 11. Ne2 Nc6 12. O-O Qc7 13. Ng3 g6 14. Bg5 Be7 15. Bb5 {0-1 (23) Napoli,N (2172)-Mrdja,M (2432) Campobasso 2004}) 9. d4 f5 10. Qg3 Be7 11. Nf3 Qe8 12. h4 d6 (12... b6 $15) 13. Bh6 Qg6 14. Qxg6 hxg6 15. Bg5 Kf7 16. h5 gxh5 17. Bxe7 Kxe7 18. Rxh5 Nc6 19. Rg5 Rg8 20. g4 fxg4 21. Rxg4 dxe5 22. dxe5 Bd7 23. Ke2 Raf8 24. Rg5 Rf4 25. Bd3 Rgf8 26. Rxg7+ Kd8 27. Rg3 Ne7 28. c4 Bc6 29. Ng5 Rxf2+ 30. Ke3 Bd7 31. Nh7 R8f4 32. Nf6 Bc6 33. Rd1 R2f3+ 34. Rxf3 Rxf3+ 35. Ke2 Kc8 36. Rg1 b6 37. Ng8 Nxg8 38. Rxg8+ Kb7 39. Rg6 Rh3 40. Rxe6 Rh2+ 41. Ke3 Rxa2 42. Rh6 Ra5 43. Kd4 Ra1 44. Rh8 Re1 45. Bf5 a5 46. Bc8+ Ka7 47. e6 a4 48. Rh3 Kb8 49. Bd7 Bxd7 50. exd7 Rd1+ 51. Kc3 c5 52. Rh8+ Kc7 53. Ra8 Kxd7 54. Rxa4 Rh1 55. Ra7+ Kd6 56. Rb7 Rh3+ 57. Kc2 Kc6 58. Rg7 Re3 59. Rh7 Kd6 60. Rh5 Re7 61. Rh6+ Kc7 62. Rh8 Kb7 63. Kb3 Re3+ 64. Kc2 Ra3 65. Kb2 Ra8 66. Rh7+ Ka6 67. Rh1 Rd8 68. Ra1+ Kb7 69. Rh1 Rd3 70. Kc2 Ra3 71. Kb2 Re3 72. Kc2 Re6 73. Kc3 Kc6 74. Rh8 Kd6 75. Rd8+ Ke5 76. Kb3 Rd6 77. Rh8 $11 Rd3+ 78. Ka4 Re3 79. Rh4 Re4 80. Rh5+ Kd4 81. Kb5 Re6 82. Rh4+ 1/2-1/2

[Event "Baku Open 2018"]
[Site "Baku"]
[Date "2018.12.01"]
[Round "8"]
[White "Safarli, Eltaj"]
[Black "Gasanov, Eldar"]
[Result "1-0"]
[ECO "B24"]
[WhiteElo "2671"]
[BlackElo "2502"]
[Annotator "RC"]
[PlyCount "103"]
[EventDate "2018.11.24"]
[EventType "swiss"]
[EventCountry "AZE"]
[SourceTitle "playchess.com"]
[Source "ChessBase"]
[SourceQuality "1"]
[TimeControl "40/5400+30:1800+30"]

1. e4 c5 2. Nc3 Nc6 3. Bb5 Nd4 4. Nf3 Nxb5 5. Nxb5 d6 6. d4 Nf6 7. Qd3 a6 8. Nc3 cxd4 9. Nxd4 e6 10. Bg5 Be7 11. O-O-O Qc7 12. f4 h6 13. Bh4 O-O 14. Rhe1 Rd8 15. g4 Nxe4 16. Bxe7 Nc5 17. Qg3 Qxe7 18. b4 Nd7 19. Nd5 Qf8 20. Nc7 Nb6 21. Nxa8 Nxa8 22. g5 hxg5 23. Qxg5 f6 24. Qh4 Nc7 25. Nb3 d5 26. Rg1 Ne8 27. a3 Nd6 28. Nd4 Re8 29. Rg6 e5 30. fxe5 Rxe5 31. Rdg1 Ne8 32. Rh6 Qe7 33. Rh8+ Kf7 34. Qh7 Re1+ 35. Rxe1 Qxe1+ 36. Kb2 Bd7 37. Qg8+ Ke7 38. Qxd5 Nd6 39. Qg8 Ne8 40. Qf8+ Kd8 41. Qxg7 Qe5 42. Qg1 f5 43. Rg8 Be6 44. Rg2 Nd6 45. Re2 Ne4 46. c3 Kc8 47. Qg6 Bc4 48. Rg2 Nd6 49. Qg7 Qe8 50. Qf6 Bd5 51. Re2 Nc4+ 52. Kc1 1-0

[Event "Baku Open 2018"]
[Site "Baku"]
[Date "2018.12.01"]
[Round "8"]
[White "Mgeladze, Tamaz"]
[Black "Bashirli, Nail"]
[Result "1-0"]
[ECO "A22"]
[WhiteElo "2395"]
[BlackElo "2331"]
[Annotator "NA"]
[PlyCount "88"]
[EventDate "2018.11.24"]
[EventType "swiss"]
[EventCountry "AZE"]
[SourceTitle "playchess.com"]
[Source "ChessBase"]
[SourceQuality "1"]
[TimeControl "40/5400+30:1800+30"]

1. c4 Nf6 2. g3 e5 3. Nc3 c6 4. Nf3 e4 5. Nd4 $1 d5 6. cxd5 Qb6 7. Nb3 cxd5 8. Bg2 {[%emt 0:00:32] LiveBook: 17 Games} a5 {[%emt 0:01:03] A23: English Opening: 1...e5 2 Nc3 Nf6 3 g3 c6} (8... h5 9. d3 Bb4 10. Be3 Bxc3+ 11. bxc3 Qc6 12. Rc1 h4 13. gxh4 Rxh4 14. c4 Be6 15. cxd5 Qxd5 16. dxe4 Qxd1+ 17. Rxd1 {½-½ (49) Belozerov,A (2511)-Jumabayev,R (2548) Tomsk 2013}) 9. d3 a4 10. Be3 Qd8 $146 ({Predecessor:} 10... Qb4 11. Nd4 a3 12. Rb1 axb2 13. Qd2 Qa5 14. Nb3 Qd8 15. dxe4 dxe4 16. Rxb2 {1-0 (24) Koestner,W (2210)-Akrill,R (1901) ICCF email 2015}) 11. Nd4 Bb4 12. O-O Bxc3 13. bxc3 O-O 14. Rb1 Nc6 15. c4 Re8 16. a3 Qe7 17. Nxc6 bxc6 18. c5 Ba6 19. d4 Reb8 20. Rxb8+ Rxb8 21. Qxa4 Bxe2 22. Re1 Bb5 23. Qa5 Qb7 24. a4 Bd3 25. Bf4 $11 Qb4 26. Qxb4 Rxb4 27. Ra1 Rb7 28. a5 Ba6 29. Bf1 Ra7 30. Rb1 h6 31. Bxa6 Rxa6 32. Bd2 Kf8 33. Rb6 Ra7 34. Rxc6 Ke7 35. Rd6 e3 36. Bxe3 Rxa5 37. h3 Ra2 38. Kg2 Rc2 39. Kf3 Ra2 40. g4 Ra3 41. Kf4 Ra4 42. h4 g6 43. g5 hxg5+ 44. hxg5 Nd7 {[%emt 0:00:21] Ke4} 1-0

[Event "Baku Open 2018"]
[Site "Baku"]
[Date "2018.12.01"]
[Round "8"]
[White "Guliev, Sarhan"]
[Black "Suleymanli, Aydin"]
[Result "1-0"]
[ECO "A77"]
[WhiteElo "2354"]
[BlackElo "2313"]
[Annotator "NA"]
[PlyCount "85"]
[EventDate "2018.11.24"]
[EventType "swiss"]
[EventCountry "AZE"]
[SourceTitle "playchess.com"]
[Source "ChessBase"]
[SourceQuality "1"]
[TimeControl "40/5400+30:1800+30"]

1. d4 Nf6 2. c4 c5 3. d5 e6 4. Nc3 exd5 5. cxd5 d6 6. e4 g6 7. Nf3 Bg7 8. Be2 O-O 9. Nd2 Re8 10. O-O {[%emt 0:00:06] LiveBook: 935 Games} Nbd7 11. f4 {[%emt 0:06:56] A77: Modern Benoni: Classical: 9...Re8 10 Nd2: 10...a6 and 10...Nbd7} Nb6 12. a4 a5 13. Bb5 $146 ({Predecessor:} 13. h3 h5 14. Qe1 Bd7 15. Qg3 Nfxd5 16. exd5 Bxc3 17. bxc3 Rxe2 18. f5 h4 {0-1 (27) Tregubov,P (2598)-Akopian,V (2675) Aix les Bains 2011}) 13... Bd7 14. Bxd7 Nfxd7 15. Nb5 Nb8 16. Ra3 Na6 17. Raf3 c4 18. b3 Rc8 (18... cxb3 $11 19. Ba3 Nxa4 20. Nxd6 {[%mdl 64] Double Attack} Nc3 21. Qxb3 {[%mdl 64] Double Attack} a4) 19. bxc4 $16 Nxc4 20. Nxc4 Rxc4 21. e5 dxe5 22. fxe5 Rxe5 23. Rxf7 Qxd5 24. Bb2 Rc5 25. Bxe5 Bxe5 26. Rxb7 Qxd1 27. Rxd1 Rc8 28. Ra7 Nc5 29. Rxa5 Rf8 30. Ra7 Bf4 31. g3 Be3+ 32. Kg2 Rf2+ 33. Kh1 Rf8 34. Re7 Bh6 35. a5 Ra8 36. Nc7 Rxa5 37. Rd8+ Bf8 38. Ree8 Ra1+ 39. Kg2 Ra2+ 40. Kf3 Ra3+ 41. Kg4 h5+ 42. Kg5 Kh7 43. Rxf8 1-0

[Event "Baku Open 2018"]
[Site "Baku"]
[Date "2018.12.01"]
[Round "8"]
[White "Davidov, Samir"]
[Black "Sevdimaliyev, Urfan"]
[Result "1-0"]
[ECO "C00"]
[WhiteElo "2314"]
[BlackElo "2386"]
[Annotator "NA"]
[PlyCount "81"]
[EventDate "2018.11.24"]
[EventType "swiss"]
[EventCountry "AZE"]
[SourceTitle "playchess.com"]
[Source "ChessBase"]
[SourceQuality "1"]
[TimeControl "40/5400+30:1800+30"]

1. e4 e6 2. d3 d5 3. Nd2 c5 4. Be2 {[%emt 0:00:03] C00: French: Unusual White 2nd moves} (4. Ngf3 Nc6 5. g3 Nf6 6. Bg2 Be7 7. O-O b6 8. Qe2 Qc7 9. Re1 Bb7 10. e5 Nd7 11. c4 d4 12. h4 h6 13. h5 a5 14. Ne4 Ncxe5 15. Nxe5 Nxe5 16. Bf4 O-O 17. Nd2 Bxg2 18. Bxe5 Qc6 19. f3 {0-1 (45) Liang,A (2572)-Le,Q (2737) chess.com INT 2018}) 4... Nc6 5. c3 Bd6 6. Ngf3 Nf6 {[%emt 0:05:32] LiveBook: 12 Games} 7. Qc2 Qc7 8. h3 O-O $146 ({Predecessor:} 8... b6 9. g4 Bd7 10. Nf1 {½-½ (10) Nahnsen,K (2004)-Brinckmann,D (1870) Kiel 2018}) 9. g4 (9. O-O $15) 9... b5 10. a4 b4 11. c4 dxe4 12. dxe4 b3 13. Qxb3 Nb4 14. Bd3 Rd8 15. Bb1 Bf4 16. Qc3 Bb7 17. O-O e5 18. Re1 h5 19. g5 Nh7 20. Nb3 Bxc1 21. Nxc1 f6 22. gxf6 gxf6 23. Kh2 Qd7 24. Qe3 Bc8 25. Rg1+ Kh8 26. Nh4 Ng5 27. Ra3 Qd2 28. Ng6+ Kh7 29. Nxe5 Nxh3 30. Nf7 Nxg1 $11 31. e5+ Kg8 32. Nxd8 Qxe3 33. Rxe3 Bg4 34. e6 Rxd8 35. e7 Nf3+ 36. Kg3 Re8 37. Bg6 Rxe7 38. Rxe7 Ne5 39. Be4 Nxc4 40. f3 Kf8 41. Rxa7 1-0

[Event "Baku Open 2018"]
[Site "Baku"]
[Date "2018.12.01"]
[Round "8"]
[White "Gasanov, Zaur"]
[Black "Aliyev, Ravan"]
[Result "0-1"]
[ECO "C08"]
[WhiteElo "2195"]
[BlackElo "2351"]
[Annotator "NA"]
[PlyCount "146"]
[EventDate "2018.11.24"]
[EventType "swiss"]
[EventCountry "AZE"]
[SourceTitle "playchess.com"]
[Source "ChessBase"]
[SourceQuality "1"]
[TimeControl "40/5400+30:1800+30"]

1. e4 e6 2. d4 d5 3. Nd2 c5 4. exd5 exd5 5. Bb5+ Nc6 6. Ngf3 Bd6 7. dxc5 Qe7+ {[%emt 0:10:13] LiveBook: 7 Games} 8. Be2 Bxc5 9. Nb3 Bb6 10. O-O Nf6 11. a4 a6 12. Bd3 O-O 13. Re1 Qd8 14. Be3 Bc7 15. h3 $11 h6 16. Nbd4 Re8 17. c3 Ne4 18. Qc2 Qd6 19. Rad1 Qg6 20. Kf1 Qh5 21. Ng1 Bd7 22. Nxc6 bxc6 23. Bxe4 Rxe4 24. Rd4 Bf5 25. Qd1 Qg6 26. Nf3 Qf6 27. Rxe4 Bxe4 28. Nd2 Bd3+ 29. Kg1 Rb8 30. Nf1 Be4 31. f3 Bf5 32. Qd2 Qg6 33. Kf2 Bc2 34. b4 Bxa4 35. Bf4 Bb6+ 36. Be3 Bc7 37. Bf4 Bb6+ 38. Be3 Qc2 39. Qxc2 Bxc2 40. Bxb6 Rxb6 41. Re8+ Kh7 42. Ke3 a5 43. bxa5 Ra6 44. Re7 Kg6 45. Rc7 Ba4 46. Ng3 Rxa5 47. Ne2 Kf6 48. Nf4 g6 49. Nd3 Bb5 50. Nb4 Ra3 51. Kd4 Ke6 52. Nxc6 Kd6 53. Rxf7 Bxc6 54. Rf6+ Kc7 55. Rxg6 h5 56. Rg5 h4 57. Rg4 Kb6 58. Kd3 Bb5+ 59. Kc2 Bc4 60. Rxh4 Ra2+ 61. Kb1 Rxg2 62. Rf4 Kb5 63. Rf8 Rh2 64. Rh8 Ka4 65. Rb8 Rxh3 66. Kb2 Rxf3 67. Ra8+ Kb5 68. Rb8+ Kc6 69. Rh8 Rf2+ 70. Ka3 Ra2+ 71. Kb4 Rb2+ 72. Ka4 Rb3 73. Rh3 Kc5 0-1

[Event "Baku Open 2018"]
[Site "Baku"]
[Date "2018.12.02"]
[Round "9"]
[White "Eynullayev, Altay"]
[Black "Mgeladze, Tamaz"]
[Result "1/2-1/2"]
[ECO "E73"]
[WhiteElo "2180"]
[BlackElo "2395"]
[Annotator "NA"]
[PlyCount "72"]
[EventDate "2018.11.24"]
[EventType "swiss"]
[EventCountry "AZE"]
[SourceTitle "playchess.com"]
[Source "ChessBase"]
[SourceQuality "1"]
[TimeControl "40/5400+30:1800+30"]

1. d4 Nf6 2. c4 g6 3. Nc3 Bg7 4. e4 d6 5. Be2 O-O 6. Be3 c5 7. d5 e6 8. Nf3 {[%emt 0:00:08] E73: King's Indian: Averbakh Variation without 6...c5} exd5 9. cxd5 Bg4 (9... Re8 10. Nd2 c4 11. O-O Na6 12. Bf3 b6 13. Re1 Nc5 14. Bxc5 bxc5 15. e5 Rxe5 16. Rxe5 dxe5 17. Nxc4 {½-½ (23) Howell,D (2687)-Jones,G (2670) Hull 2018}) 10. Nd2 Bxe2 11. Qxe2 Re8 12. O-O Na6 13. Kh1 Nc7 14. a4 Nd7 15. Rae1 $146 ({Predecessor:} 15. f3 f5 {1-0 (32) Lye,L (2270)-Annaberdiev,M (2501) Budapest 2018}) 15... a6 16. Nc4 Qe7 17. Bf4 Ne5 18. Bxe5 Bxe5 19. Nb6 Rad8 20. f4 Bxc3 21. bxc3 f5 22. Qc4 fxe4 23. Re3 Qf6 24. Rxe4 Rxe4 25. Qxe4 Re8 26. Qf3 Qf5 $11 27. Kg1 Qe4 28. f5 Qxf3 29. Rxf3 Re1+ 30. Kf2 Rb1 31. fxg6 hxg6 32. a5 Kg7 33. Re3 Kf8 34. Rf3+ Kg7 35. Re3 Kf8 36. Rf3+ Kg7 1/2-1/2